AoeStats
← Python 1.2.20

Arena

508667913Analyzed
3v3 RM · 10d ago on Sep 23, 2026· 30m 24s· 6 players
Game mode
Random Map
Map size
Normal (6 player)
Population
200
Speed
Normal
Resources
Standard
Victory
Conquest
Starting age
Dark Age
Ending age
Imperial Age
RankedLock teamsTeams togetherTeam positionsShared explorationLock speedFull tech treeHidden civsTurbo modeCheats
Victory
Defeat
🇪🇸 Danes · Spain
1593
+17
🇪🇸 Saxons · Spain
1553
+19
🇵🇪 Varangians · Peru
1410
+24
🇹🇼 Danes · Taiwan
1757
-25
🇹🇼 Varangians · Taiwan
1572
-19
🇹🇼 Saxons · Taiwan
1509
-16
星空夜羽
10:43 Feudal Age
12:00 Double-Bit Axe
14:30 Castle Age
12:42 Horse Collar
23:30 Squires
27:52 Wheelbarrow
31:24 Imperial Age
28:56 Loom
28:56 Town Watch
30:27 Hand Cart
29:56 Hamask
Python 1.2.20
10:34 Feudal Age
12:22 Double-Bit Axe
14:57 Castle Age
13:00 Horse Collar
16:02 Wheelbarrow
16:04 Bow Saw
16:46 Town Watch
20:21 Loom
TATTOO
10:46 Feudal Age
11:49 Double-Bit Axe
11:48 Horse Collar
14:47 Castle Age
15:55 Bow Saw
15:47 Heavy Plow
17:54 Loom
18:47 Town Watch
23:31 Fortified Wall
25:27 Scale Barding Armor
26:19 Wheelbarrow
26:40 Gold Mining
27:07 Forging
32:31 Imperial Age
pau795
9:59 Feudal Age
11:38 Double-Bit Axe
14:10 Castle Age
12:16 Horse Collar
15:12 Bow Saw
21:03 Wheelbarrow
23:45 Hand Cart
24:28 Loom
27:51 Imperial Age
26:53 Scale Mail Armor
27:38 Forging
27:36 Town Watch
28:42 Chain Mail Armor
28:35 Squires
28:20 Arson
27:56 Pikeman
28:06 Capped Ram
29:17 Conscription
28:57 Shield Wall
29:40 Gold Mining
29:57 Elite Hearth Troop
31:09 Plate Mail Armor
DYN_BenderGC
9:46 Feudal Age
10:36 Loom
13:22 Castle Age
17:18 Scale Mail Armor
19:23 Squires
DS_Maulet
10:45 Feudal Age
11:14 Feudal Age
12:22 Horse Collar
15:14 Castle Age
13:16 Double-Bit Axe
13:58 Gold Mining
16:11 Bow Saw
16:41 Wheelbarrow
16:16 Scale Mail Armor
17:32 Chain Mail Armor
20:59 Forging
21:31 Arson
22:07 Squires
24:25 Iron Casting
25:51 Hand Cart
26:53 Heavy Plow
30:43 Imperial Age
28:07 Loom
29:19 Stone Mining
30:06 Gold Shaft Mining
30:37 Town Watch
Connection lost

Rejoining the realm…

Still unreachable

The connection could not be restored.

Session expired

The server has moved on; the page needs a fresh start.